 Dungeon Crawl Stone Soup version 0.23.2 (webtiles) character file.

Game seed: 1465310723295123395

151 masubious the Covered (level 5, -2/43 HPs)
             Began as a Barachi Fighter on Apr 4, 2019.
             Succumbed to Sigmund's poison
             ... on level 2 of the Dungeon.
             The game lasted 00:05:26 (1342 turns).

masubious the Covered (Barachi Fighter)             Turns: 1342, Time: 00:05:27

Health: -2/43      AC:  9    Str: 19    XL:     5   Next: 33%
Magic:  5/5        EV:  8    Int:  8    God:
Gold:   66         SH: 10    Dex: 15    Spells: 4/4 levels left

rFire    . . .     SeeInvis .   a - +0 war axe
rCold    . . .     Gourm    .   c - +0 shield
rNeg     . . .     Faith    .   b - +0 scale mail
rPois    .         Spirit   .   n - +2 hat
rElec    .         Reflect  .   (no cloak)
rCorr    .         Harm     .   (no gloves)
MR       .....                  (no boots)
Stlth    ..........             i - amulet of regeneration
HPRegen  0.54/turn              k - +4 ring of dexterity
MPRegen  0.09/turn              (no ring)

@: lethally poisoned (-2 -> -12), very slightly contaminated, slow
A: +LOS, swims, slowness 1, strong legs 1
a: Hop


You were on level 2 of the Dungeon.
You were full.

You visited 1 branch of the dungeon, and saw 3 of its levels.

You collected 66 gold pieces.

Inventory:

Hand Weapons
 a - a +0 war axe (weapon)
Armour
 b - a +0 scale mail (worn)
 c - a +0 shield (worn)
 n - a +2 hat (worn)
Jewellery
 i - an amulet of regeneration (around neck)
 k - a +4 ring of dexterity (left hand)
Scrolls
 e - a scroll of teleportation
 g - a scroll of random uselessness {unknown}
 h - 2 scrolls of identify
 m - a scroll of remove curse
 o - a scroll of fog {unknown}
 p - a scroll of blinking {unknown}
Potions
 d - a potion of might
 j - 2 potions of invisibility
Comestibles
 f - a ration


   Skills:
 + Level 4.5 Fighting
 + Level 3.2 Axes
 + Level 4.5 Armour
 + Level 2.1 Dodging
 + Level 4.1 Shields


You had 4 spell levels left.
You didn't know any spells.
Your spell library was empty.

Dungeon Overview and Level Annotations

Branches:
Dungeon (3/15)

Altars:

Annotations:
D:3 Sigmund


Innate Abilities, Weirdness & Mutations

Shadows flee at your approach. (+LOS)
You can swim through water.
You cover ground slowly.
You can hop short distances.


Message History

There is a stone staircase leading up, spattered with blood here.
You see here 2 tomahawks.
You feel less confused.
* * * LOW HITPOINT WARNING * * *
You feel sick. Something hits you.
* * * LOW HITPOINT WARNING * * *
You are more poisoned.
You climb upwards.
Reactivating autopickup.
* * * LOW HITPOINT WARNING * * *
You feel very sick.
There is a stone staircase leading down here.
You eat one of the 2 rations.
That ration really hit the spot!
* * * LOW HITPOINT WARNING * * *
You feel sick.
* * * LOW HITPOINT WARNING * * *
You feel sick.
Items here: )) [[ a +0 ring mail; a +0 short sword; a +0 robe; a +0 dagger You die...

#.# #....#.# #.#
#....#.#
#.######....#.#
#.#....)....#.#
#...........#.#
######.#....##.#.#
.......#....##...#
######
....(..#....###(.#
#....#
...........(###.@#
#####.##.#
.............##.[#
#.....##.####
.....#<......#..>#
#.####.......
######.......#.###
#............
>............'.#
#............
######.......###
#............
#.......#
#........##'#
#########
#........##.#
#........##..


There were no monsters in sight!

Vanquished Creatures
  A water moccasin zombie (D:2)
  An orc wizard (D:2)
  2 adders (D:2)
  An ooze (D:2)
  2 dart slugs
  2 leopard geckos (D:2)
  3 orcs
  2 giant cockroaches
  4 goblins
  3 jackals (D:2)
  3 kobolds
  A quokka (D:2)
  4 bats
  5 frilled lizards (D:1)
  5 rats
39 creatures vanquished.

Notes
Turn   | Place    | Note
-------+----------+-------------------------------------------
     0 | D:1      | masubious the Barachi Fighter began the quest for the Orb.
     0 | D:1      | Reached XP level 1. HP: 18/18 MP: 1/1
    87 | D:1      | Reached XP level 2. HP: 24/25 MP: 2/2
   552 | D:2      | Reached skill level 1 in Dodging
   552 | D:2      | Reached XP level 3. HP: 30/30 MP: 3/3
   836 | D:2      | Reached XP level 4. HP: 26/38 MP: 4/4
  1062 | D:2      | Reached XP level 5. HP: 37/43 MP: 5/5
  1300 | D:3      | Noticed Sigmund
  1340 | D:2      | HP: 2/43 [poisoned by Sigmund]
  1342 | D:2      | Succumbed to Sigmund's poison

Skill      XL: |  1  2  3  4  5 |
---------------+----------------+-----
Armour         | 4 |  4.5
Dodging        | 1 2 |  2.1
Fighting       | 4 |  4.5
Axes           | 3 |  3.2
Shields        | 4 |  4.1

Action                   |  1- 3 |  4- 6 || total
-------------------------+-------+-------++-------
Melee: War axe           |   120 |    50 ||   170
  Use: Scroll            |     5 |       ||     5
       Potion            |       |     3 ||     3
 Stab: Invisible         |       |     1 ||     1
  Eat: Ration            |       |     2 ||     2
Armor: Scale mail        |    79 |    32 ||   111
Dodge: Dodged            |    51 |    16 ||    67
Block: Shield            |    67 |    29 ||    96
